 Dungeon Crawl Stone Soup version 0.18-a0-846-g91b95b1 (webtiles) character file.

37 Gorice the Sneak (level 3, -2/16 HPs)
             Began as a Felid Wanderer on Dec 20, 2015.
             Was a Follower of Makhleb.
             Slain by an orc priest
             ... wielding a +0 mace
              (3 damage)
             ... on level 3 of the Dungeon.
             The game lasted 00:09:14 (2886 turns).

Gorice the Sneak (Felid Wanderer)                   Turns: 2886, Time: 00:09:14

Health: -2/16      AC:  1    Str:  8    XL:     3   Next: 23%
Magic:  4/4        EV: 18    Int: 14    God:    Makhleb [*.....]
Gold:   147        SH:  0    Dex: 15    Spells: 0 memorised, 2 levels left
                                        Lives:  0   Deaths: 1

rFire  . . .     SeeInvis +       - Unarmed
rCold  . . .     Gourm    .     (armour unavailable)
rNeg   . . .     Faith    .     (shield unavailable)
rPois  .         Spirit   .     (helmet unavailable)
rElec  .         Dismiss  .     (cloak unavailable)
rCorr  .         Reflect  .     (gloves unavailable)
SustAt .         Harm     .     (boots unavailable)
MR     .....                    (no amulet)
Stlth  ++++......               (no ring)
                                (no ring)

@: quick, not resistant to hostile enchantments, stealthy
A: no armour, no weapons or thrown items, claws 1, fangs 3, see invisible,
carnivore 3, speed 1, shaggy fur 1, slow metabolism 1, sharp paws
a: Renounce Religion


You were on level 3 of the Dungeon.
You worshipped Makhleb.
Makhleb was aware of your devotion.
You were not hungry.

You visited 1 branch of the dungeon, and saw 3 of its levels.

You collected 147 gold pieces.

Inventory:

Scrolls
 a - a scroll of fear {!r}
 b - 3 scrolls of teleportation {!r}
 f - a scroll of remove curse
 h - 2 scrolls of magic mapping {!r}
 n - a scroll of enchant armour {unknown}
Potions
 c - a potion of degeneration {unknown}
 e - a potion of beneficial mutation {unknown}
 g - 2 potions of ambrosia {!q}
 i - a potion of curing {unknown}
 k - a potion of haste {!q}
 l - a potion of heal wounds {unknown}
 m - a potion of brilliance {unknown}
Comestibles
 d - 3 meat rations {!e}
 j - a slice of pizza


   Skills:
 + Level 2.4 Fighting
 + Level 2.8 Dodging
 - Level 6.6 Stealth
 * Level 3.3 Unarmed Combat
   Level 1.1 Evocations


You had 2 spell levels left.
You didn't know any spells.

Dungeon Overview and Level Annotations

Branches:
Dungeon (3/15)

Altars:
Makhleb
Trog
Vehumet

Annotations:
D:3 Jessica


Innate Abilities, Weirdness & Mutations

You cannot wear armour.
You are incapable of wielding weapons or throwing items.
You have sharp claws.
You have razor-sharp teeth.
You have supernaturally acute eyesight.
You are carnivorous and can eat meat at any time.
You cover ground quickly.
You are covered in fur (AC +1).
You have a slow metabolism.
Your sharp claws are effective at attacking unaware monsters.


Message History

Unknown command.
Unknown command.
Unknown command.
Unknown command.
Unknown command.
Unknown command.
Unknown command.
Unknown command.
Unknown command.
Unknown command.
Unknown command.
You see here a scroll of random uselessness.
There is a stone staircase leading up here.
The orc misses you. The orc closely misses you.
You barely miss the orc. You bite the orc.
The orc is heavily wounded.
The orc hits you with an enchanted war axe.
Damage: 6 (max 6)
You scratch the orc.
The orc is severely wounded.
You claw the orc!
You kill the orc!
Makhleb accepts your kill.
Things that are here:
an enchanted war axe; 8 gold pieces The orc priest hits you with a mace.
Damage: 5 (max 6)
You scratch the orc priest.
The orc priest is heavily wounded.
You scratch the orc priest.
The orc priest is heavily wounded.
The orc priest misses you. The hobgoblin barely misses you.
You scratch the orc priest but do no damage.
The orc priest is heavily wounded.
The orc priest closely misses you. The hobgoblin misses you.
You scratch the orc priest. Your bite misses the orc priest.
The orc priest is severely wounded.
The orc priest casts a cantrip, but nothing happens.
The hobgoblin barely misses you.
You scratch the orc priest.
The orc priest is severely wounded.
The orc priest hits you with a mace.
* * * LOW HITPOINT WARNING * * *
The hobgoblin barely misses you.
Damage: 4 (max 6)
You scratch the orc priest but do no damage.
The orc priest is severely wounded.
The orc priest hits you with a mace.
You die...

####.......###..#.(......
#..........##..##......##
########.####.................#
#......g..# ####...#.#....<.###
#.........######.#......b..##
#.............##.###........#
#######.###...##.##......##...#
##....#...[.##......# ##.#
#.?......o@................
#.........g...........##...
#.<.......#)...........$. #
#######..................
###.................
...........###......
..##........... ##...
#........... ...........#


You could see an orc priest and a hobgoblin.

Vanquished Creatures
  3 oozes
  2 worms (D:2)
  A giant gecko (D:2)
  5 orcs
  10 bats
  3 giant cockroaches
  2 goblins
  4 hobgoblins
  8 jackals (D:1)
  2 quokkas (D:2)
  4 giant newts
  4 kobolds
  8 rats
56 creatures vanquished.

Notes
Turn   | Place    | Note
--------------------------------------------------------------
     0 | D:1      | Gorice the Felid Wanderer began the quest for the Orb.
     0 | D:1      | Gorice set off with: a scroll of fear {!r}, a scroll of teleportation {!r}, a potion of lignification {!q}, a meat ration {!e}
     0 | D:1      | Reached XP level 1. HP: 9/9 MP: 2/2
   168 | D:1      | Reached XP level 2. HP: 4/12 MP: 3/3
   170 | D:1      | HP: 3/12 [giant cockroach (1)]
   172 | D:1      | HP: 1/12 [giant cockroach (2)]
   568 | D:1      | Reached skill level 2 in Dodging
   825 | D:1      | Reached XP level 3. HP: 12/16 MP: 4/4
  1066 | D:2      | Found a burning altar of Makhleb.
  1086 | D:2      | Became a worshipper of Makhleb the Destroyer
  1135 | D:2      | Reached skill level 3 in Unarmed Combat
  1190 | D:2      | Reached skill level 2 in Fighting
  1375 | D:2      | Found a radiant altar of Vehumet.
  1375 | D:2      | Found a bloodstained altar of Trog.
  1711 | D:3      | Reached * piety under Makhleb
  1711 | D:3      | Reached XP level 4. HP: 19/19 MP: 5/5
  1830 | D:3      | Noticed Jessica
  2185 | D:3      | HP: 6/20 [bat (1)]
  2193 | D:2      | HP: 3/20 [poisoned by an adder]
  2200 | D:2      | HP: 3/20 [poisoned by an adder]
  2207 | D:1      | HP: 2/20 [poisoned by an adder]
  2213 | D:1      | HP: 1/20 [poisoned by an adder]
  2852 | D:3      | Killed from afar by Jessica
  2853 | D:3      | Reached XP level 3. HP: 0/16 MP: 4/4
  2885 | D:3      | HP: 1/16 [orc priest/mace (4)]
  2886 | D:3      | Slain by an orc priest

Vault maps used:
D:1:      mushboom_english_gardens
D:2:      lemuel_round_altar, gammafunk_temple_overflow_elements
D:3:      kennysheep_potato, uniq_jessica

Action                   |  1- 3 |  4- 6 || total
-------------------------+-------+-------++-------
Melee: Unarmed           |   105 |    42 ||   147
  Use: Potion            |     1 |     1 ||     2
       Scroll            |     5 |       ||     5
 Stab: Sleeping          |    15 |     1 ||    16
       Distracted        |     2 |       ||     2
  Eat: Chunk             |     9 |     1 ||    10

Table legend:
 A = Turns spent in this place as a percentage of turns spent in the entire game.
 B = Non-inter-level travel turns spent in this place as a percentage of non-inter-level travel turns spent in the entire game.
 C = Inter-level travel turns spent in this place as a percentage of turns spent in this place.
 D = Turns resting spent in this place as a percentage of non-inter-level travel turns spent in this place.
 E = Turns spent auto-exploring this place as a percentage of non-inter-level travel turns spent in this place.
 F = Non-inter-level travel turns spent in this place divided by the number of levels of this place that you've seen.
                   A       B       C       D       E      F
               +-------+-------+-------+-------+-------+----------------------
         Total | 100.0 | 100.0 |   0.5 |   3.4 |   3.1 | 363.7
       Dungeon | 100.0 | 100.0 |   0.5 |   3.4 |   3.1 | 363.7
               +-------+-------+-------+-------+-------+----------------------

Vault maps used:
D:1:      mushboom_english_gardens
D:2:      lemuel_round_altar, gammafunk_temple_overflow_elements
D:3:      kennysheep_potato, uniq_jessica
